 Dungeon Crawl Stone Soup version 0.16-a0-2702-gfff482a (console) character file.

145 utis the Digger (level 5, -3/28 HPs)
             Began as a Deep Elf Earth Elementalist on Nov 25, 2014.
             Killed from afar by an orc wizard (10 damage)
             ... with a puff of frost
             ... on level 3 of the Dungeon.
             The game lasted 00:08:39 (3787 turns).

utis the Digger (Deep Elf Earth Elementalist)       Turns: 3787, Time: 00:08:39

Health: -3/28      AC:  5    Str:  6    XL:     5   Next: 6%
Magic:  10/16      EV:  8    Int: 20    God:
Gold:   97         SH:  0    Dex: 15    Spells: 3 memorised, 4 levels left

rFire  . . .     SeeInvis .     b - 69 stones {=f}
rCold  . . .     Clarity  .     g - +0 ring mail
rNeg   . . .     SustAb   .     (no shield)
rPois  .         Gourm    .     (no helmet)
rElec  .         Spirit   .     (no cloak)
rCorr  .         Warding  .     (no gloves)
rMut   .         Stasis   .     (no boots)
MR     .....                    (no amulet)
Stlth  +.........               (no ring)
                                (no ring)

@: very slightly contaminated, not resistant to hostile enchantments, very
unstealthy
A: no striking features
a: no special abilities


You were on level 3 of the Dungeon.
You were not hungry.

You visited 1 branch of the dungeon, and saw 3 of its levels.

You collected 97 gold pieces.

Inventory:

Hand weapons
 a - a +0 short sword
Missiles
 b - 69 stones (in hand) {=f}
 l - 45 sling bullets
 w - 2 tomahawks (quivered)
 x - 10 poisoned needles
Armour
 c - a +0 robe
 g - a +0 ring mail (worn)
 v - a +0 scale mail
Jewellery
 e - an uncursed ring of ice
Scrolls
 r - 2 scrolls of remove curse
Potions
 k - a potion of curing
 n - a potion of flight {unknown}
 s - a potion of haste {unknown}
 u - a potion of heal wounds {unknown}
Books
 d - a book of Geomancy

   Spells                             Type                      Level
   *Sandblast                         Earth                        1
   *Stoneskin                         Transmutation/Earth          2
   Passwall                           Transmutation/Earth          3
   *Stone Arrow                       Conjuration/Earth            3
   Petrify                            Transmutation/Earth          4
   Lee's Rapid Deconstruction         Earth                        5
Comestibles
 f - 2 bread rations
 h - 2 royal jellies
 i - a slice of pizza
 j - 2 chunks of flesh
 o - 2 meat rations


   Skills:
 - Level 2.4 Dodging
 - Level 2.4 Stealth
 - Level 3.0 Spellcasting
 + Level 3.5 Conjurations
 - Level 1.1 Transmutations
 - Level 5.1 Earth Magic


You had 4 spell levels left.
You knew the following spells:

 Your Spells              Type           Power        Failure   Level  Hunger
a - Sandblast             Erth           ###...       8%          1    None
b - Stone Arrow           Conj/Erth      ###...       24%         3    ###....
o - Stoneskin             Trmt/Erth      ###.....     21%         2    ##.....


Dungeon Overview and Level Annotations

Branches:
Dungeon (3/15)

Altars:


Message History

Press: ? - help, Shift-Dir - straight line You miscast Sandblast.
Nothing appears to happen.
You hear some strange, mumbled words.
Casting: Sandblast
Confirm with . or Enter, or press ? or * to list all spells.
Aiming: Sandblast
Press: ? - help, Shift-Dir - straight line Something hits you.
* * * LOW HITPOINT WARNING * * *
Something hits you.
* * * LOW HITPOINT WARNING * * *
Unknown command.
Casting: Sandblast
Confirm with . or Enter, or press ? or * to list all spells.
Aiming: Sandblast
Press: ? - help, Shift-Dir - straight line The rocky blast hits something.
You hear some strange, mumbled words.
The puff of frost hits you!
You die...

..▓▓..▓
▓.▓▓.......▓.▓▓▓▓▓▓▓▓.▓+
.▓▓▓.▓▓▓▓▓.▓▓.......▓.▓
▓.▓.
........▓▓.▓........▓.▓
▓.▓.
......................▓
▓.▓.
......▓.▓▓▓.........▓.▓
▓.▓.
..▓.▓.▓.....<.........▓▓
▓.▓▓
....▓.▓................▓
▓...
▓..........▓...{▓▓▓..▓...▓
▓▓▓▓
▓..........▓▓...e▓▓▓.▓. .
.....▓▓▓.▓.▓▓....▓ ▓)▓▓
..... ▓.▓.▓▓....▓ ▓..▓ .▓.
▓.▓.▓▓....▓ ▓▓.▓+▓▓▓▓
▓.▓.▓▓....▓ ▓.o....▓
........... ▓......▓
▓.......▓▓.▓ ▓......▓
▓...[...▓ . ▓....%.... . .
... . ▓▓..➘.?...


There were no monsters in sight!

Vanquished Creatures
  A hound (D:2)
  An orc priest (D:3)
  4 adders (D:2)
  3 oozes (D:1)
  2 giant cockroaches (D:1)
  3 goblins
  7 hobgoblins
  9 bats
  3 giant newts
  3 jackals (D:1)
  8 kobolds
  8 rats
52 creatures vanquished.

Notes
Turn   | Place    | Note
--------------------------------------------------------------
     0 | D:1      | utis, the Deep Elf Earth Elementalist, began the quest for the Orb.
     0 | D:1      | Reached XP level 1. HP: 10/10 MP: 5/5
   493 | D:1      | Reached skill level 4 in Earth Magic
   493 | D:1      | Reached XP level 2. HP: 15/15 MP: 3/8
   625 | D:1      | Learned a level 2 spell: Stoneskin
  1358 | D:1      | Reached XP level 3. HP: 19/19 MP: 5/10
  1842 | D:1      | Learned a level 3 spell: Stone Arrow
  2055 | D:2      | Reached skill level 5 in Earth Magic
  2879 | D:2      | Reached skill level 1 in Conjurations
  2909 | D:2      | Reached XP level 4. HP: 22/24 MP: 5/13
  3759 | D:3      | Reached XP level 5. HP: 28/28 MP: 14/16
  3787 | D:3      | Killed from afar by an orc wizard

Action                   |  1- 3 |  4- 6 || total
-------------------------+-------+-------++-------
Melee: Unarmed           |    10 |       ||    10
Throw: Tomahawk          |       |     1 ||     1
 Cast: Sandblast         |   108 |    21 ||   129
  Use: Scroll            |       |     6 ||     6
  Eat: Chunk             |     6 |     2 ||     8
